HSSL
NEWPORT NEWS HS PAINTS @ INDIANAPOLIS HS CHAOS
04/28/2029
 
TOP OF THE 1ST
Newport News HS Paints batting - Pitching for Indianapolis HS Chaos : RHP Jack Dundee
Pitching: RHP Jack Dundee
Batting: RHB John Graham 0-0: Ball
1-0: Ball
2-0: Ball
3-0: Base on Balls
Batting: RHB James Calderón 0-0: Called Strike
0-1: Fly out, F6 (Line Drive, 6)
Batting: RHB Steve Cooper 0-0: Ball
Wild Pitch!
John Graham to second
1-0: Foul Ball, location: 2F
1-1: Fly out, F8 (Flyball, 8RXD)
Runner from 2nd tags up, SAFE at 3rd, no throw
Batting: RHB Pete Clark 0-0: Foul Ball, location: 2F
0-1: Foul Ball, location: 2F
0-2: Ground out U3 (Groundball, 3)
Top of the 1st over - 0 runs, 0 hits, 0 errors, 1 left on base; Newport News HS 0 - Indianapolis HS 0
BOTTOM OF THE 1ST
Indianapolis HS Chaos batting - Pitching for Newport News HS Paints : RHP Roland Johns
Pitching: RHP Roland Johns
Batting: SHB Jimmy Bullock 0-0: Ball
1-0: Swinging Strike
1-1: Called Strike
1-2: Fly out, F7 (Flyball, 78S)
Batting: RHB Jonathan Thompson 0-0: Ball
1-0: Called Strike
1-1: Fly out, F9 (Flyball, 9)
Batting: RHB Bryan Reed 0-0: Swinging Strike
0-1: Called Strike
0-2: Strikes out swinging
Bottom of the 1st over - 0 runs, 0 hits, 0 errors, 0 left on base; Newport News HS 0 - Indianapolis HS 0
TOP OF THE 2ND
Newport News HS Paints batting - Pitching for Indianapolis HS Chaos : RHP Jack Dundee
Batting: SHB Carlos Matos 0-0: Called Strike
0-1: Ball
1-1: SINGLE (Groundball, 4MD)
Batting: LHB Juan Ángel 0-0: Called Strike
0-1: Fly out, F7 (Flyball, 78S)
Batting: RHB Lee Boswell 0-0: Ball
1-0: Ball
2-0: Ball
3-0: Called Strike
3-1: Swinging Strike
3-2: Strikes out swinging
Batting: RHB Jorge Paredes 0-0: Swinging Strike
0-1: Ball
1-1: Ball
2-1: Foul Ball, location: 2F
2-2: Strikes out swinging
Top of the 2nd over - 0 runs, 1 hit, 0 errors, 1 left on base; Newport News HS 0 - Indianapolis HS 0
BOTTOM OF THE 2ND
Indianapolis HS Chaos batting - Pitching for Newport News HS Paints : RHP Roland Johns
Batting: RHB Andy Norris 0-0: Ball
1-0: Foul Ball, location: 2F
1-1: Foul Ball, location: 2F
1-2: Foul Ball, location: 2F
1-2: Ball
2-2: Ground out 4-3 (Groundball, 4)
Batting: LHB Chris Russell 0-0: Ball
1-0: Ball
2-0: Called Strike
2-1: SOLO HOME RUN (Flyball, 9D), Distance : 353 ft
Batting: LHB Jason Hudson 0-0: SOLO HOME RUN (Flyball, 9LD), Distance : 321 ft
Batting: RHB Brian Carriaga 0-0: Called Strike
0-1: Ball
1-1: Foul Ball, location: 2F
1-2: Foul Ball, location: 2F
1-2: Ball
2-2: Ball
3-2: Foul Ball, location: 2F
3-2: Fly out, F6 (Line Drive, 6)
Batting: LHB José Alonzo 0-0: Ball
1-0: Ground out 4-3 (Groundball, 34)
Bottom of the 2nd over - 2 runs, 2 hits, 0 errors, 0 left on base; Newport News HS 0 - Indianapolis HS 2
TOP OF THE 3RD
Newport News HS Paints batting - Pitching for Indianapolis HS Chaos : RHP Jack Dundee
Batting: SHB Francisco Reyes 0-0: Hit by Pitch
Batting: RHB John Graham 0-0: Called Strike
0-1: Ball
1-1: 2-RUN HOME RUN (Flyball, 78XD), Distance : 383 ft
Batting: RHB James Calderón 0-0: Called Strike
0-1: Ball
1-1: Ball
2-1: DOUBLE (Groundball, 5L)
Batting: RHB Steve Cooper 0-0: Foul Ball, location: 2F
0-1: Swinging Strike
0-2: Fly out, F8 (Flyball, 8RD)
Batting: RHB Pete Clark 0-0: Ball
1-0: Ball
2-0: Foul Ball, location: 2F
2-1: Ball
3-1: Base on Balls
Batting: SHB Carlos Matos 0-0: Ball
1-0: Ball
2-0: Foul Ball, location: 2F
2-1: Foul Ball, location: 2F
2-2: Fly out, F8 (Flyball, 8RD)
Batting: LHB Juan Ángel 0-0: Called Strike
0-1: Ball
1-1: Foul Ball, location: 2F
1-2: Foul Ball, location: 2F
1-2: Foul Ball, location: 2F
1-2: Foul Ball, location: 2F
1-2: Ground out 5-3 (Groundball, 56S)
Top of the 3rd over - 2 runs, 2 hits, 0 errors, 2 left on base; Newport News HS 2 - Indianapolis HS 2
BOTTOM OF THE 3RD
Indianapolis HS Chaos batting - Pitching for Newport News HS Paints : RHP Roland Johns
Batting: RHB Héctor Núñez 0-0: Ball
1-0: Fly out, F9 (Flyball, 9LDF)
Batting: SHB Jimmy Bullock 0-0: Called Strike
0-1: Ball
1-1: Foul Ball, location: 2F
1-2: Foul Ball, location: 2F
1-2: Ball
2-2: Ball
3-2: Strikes out swinging
Batting: RHB Jonathan Thompson 0-0: SINGLE (Groundball, 6) (infield hit)
Batting: RHB Bryan Reed 0-0: Swinging Strike
0-1: 2-RUN HOME RUN (Line Drive, 89XD), Distance : 380 ft
Batting: RHB Andy Norris 0-0: Called Strike
0-1: Ball
1-1: Swinging Strike
1-2: Foul Ball, location: 2F
1-2: Foul Ball, location: 2F
1-2: Ball
2-2: Foul Ball, location: 2F
2-2: SOLO HOME RUN (Flyball, 7D), Distance : 365 ft
Batting: LHB Chris Russell 0-0: SINGLE (Line Drive, 34)
Batting: LHB Jason Hudson 0-0: Called Strike
0-1: Ball
1-1: SINGLE (Groundball, 6MD)
Chris Russell to second
Batting: RHB Brian Carriaga 0-0: Called Strike
0-1: Ball
1-1: SINGLE (Groundball, 4D)
Chris Russell to third
Jason Hudson to second
Runner from 3rd tries for Home, SAFE, no throw
Batting: LHB José Alonzo 0-0: Fly out, F9 (Flyball, 89S)
Bottom of the 3rd over - 4 runs, 6 hits, 0 errors, 2 left on base; Newport News HS 2 - Indianapolis HS 6
TOP OF THE 4TH
Newport News HS Paints batting - Pitching for Indianapolis HS Chaos : RHP Jack Dundee
Batting: RHB Lee Boswell 0-0: Ball
1-0: Ball
2-0: Fly out, F8 (Flyball, 8LD)
Batting: RHB Jorge Paredes 0-0: Ground out 4-3 (Groundball, 4)
Batting: SHB Francisco Reyes 0-0: Ground out 4-3 (Groundball, 4)
Top of the 4th over - 0 runs, 0 hits, 0 errors, 0 left on base; Newport News HS 2 - Indianapolis HS 6
BOTTOM OF THE 4TH
Indianapolis HS Chaos batting - Pitching for Newport News HS Paints : RHP Roland Johns
Pitching: RHP Juan Gabriel
Batting: RHB Héctor Núñez 0-0: Ball
1-0: Ball
2-0: Called Strike
2-1: Foul Ball, location: 2F
2-2: Foul Ball, location: 2F
2-2: Strikes out swinging
Batting: SHB Jimmy Bullock 0-0: Called Strike
0-1: Swinging Strike
0-2: Foul Ball, location: 2F
0-2: Foul Ball, location: 2F
0-2: Strikes out swinging
Batting: RHB Jonathan Thompson 0-0: Ball
1-0: Ball
2-0: SINGLE (Line Drive, 7S)
Batting: RHB Bryan Reed 0-0: Ball
Jonathan Thompson steals 2nd base
1-0: Foul Ball, location: 2F
1-1: Foul Ball, location: 2F
1-2: Ball
2-2: Fly out, F8 (Flyball, 8LXD)
Bottom of the 4th over - 0 runs, 1 hit, 0 errors, 1 left on base; Newport News HS 2 - Indianapolis HS 6
TOP OF THE 5TH
Newport News HS Paints batting - Pitching for Indianapolis HS Chaos : RHP Jack Dundee
Batting: RHB John Graham 0-0: Called Strike
0-1: Swinging Strike
0-2: Strikes out looking
Batting: RHB James Calderón 0-0: SINGLE (Groundball, 4D)
Batting: RHB Steve Cooper 0-0: Ball
1-0: Ball
2-0: Fly out, F7 (Line Drive, 7)
Batting: RHB Pete Clark 0-0: Called Strike
0-1: Ball
1-1: Swinging Strike
1-2: Strikes out swinging
Top of the 5th over - 0 runs, 1 hit, 0 errors, 1 left on base; Newport News HS 2 - Indianapolis HS 6
BOTTOM OF THE 5TH
Indianapolis HS Chaos batting - Pitching for Newport News HS Paints : RHP Juan Gabriel
Batting: RHB Andy Norris 0-0: Ball
1-0: Ball
2-0: Called Strike
2-1: Swinging Strike
2-2: Ball
3-2: Ground out 6-3 (Groundball, 56)
Batting: LHB Chris Russell 0-0: Ball
1-0: Ball
2-0: Foul Ball, location: 2F
2-1: Called Strike
2-2: SOLO HOME RUN (Line Drive, 9LD), Distance : 334 ft
Batting: LHB Jason Hudson 0-0: Ball
1-0: Ball
2-0: Swinging Strike
2-1: Ball
3-1: Called Strike
3-2: SINGLE (Groundball, 6MS) (infield hit)
Batting: RHB Brian Carriaga 0-0: Called Strike
Jason Hudson steals 2nd base
0-1: Ground out 6-3 (Groundball, 6)
Batting: LHB José Alonzo 0-0: Fly out, F3 (Line Drive, 3L)
Bottom of the 5th over - 1 run, 2 hits, 0 errors, 1 left on base; Newport News HS 2 - Indianapolis HS 7
TOP OF THE 6TH
Newport News HS Paints batting - Pitching for Indianapolis HS Chaos : RHP Jack Dundee
Batting: SHB Carlos Matos 0-0: Foul Ball, location: 2F
0-1: Ball
1-1: Ball
2-1: Ball
3-1: Foul Ball, location: 2F
3-2: TRIPLE (Line Drive, 89XD)
Batting: LHB Juan Ángel 0-0: Ball
1-0: Ball
2-0: SINGLE (Line Drive, 89M)
Carlos Matos scores
Pitching: LHP Lonnie Christensen
Batting: RHB Lee Boswell 0-0: DOUBLE (Line Drive, 7LM)
Juan Ángel to third
Batting: RHB Jorge Paredes 0-0: Ball
1-0: Foul Ball, location: 2F
1-1: Ball
2-1: Called Strike
2-2: Ball
3-2: Base on Balls
Batting: SHB Francisco Reyes 0-0: Ball
1-0: Ball
2-0: Ball
3-0: Base on Balls
Juan Ángel scores
Lee Boswell to third
Jorge Paredes to second
Batting: RHB John Graham 0-0: Called Strike
0-1: Foul Ball, location: 2F
0-2: Fly out, F6 (Popup, 56)
Batting: RHB James Calderón 0-0: Ball
1-0: Swinging Strike
1-1: GRAND SLAM HOME RUN (Flyball, 78XD), Distance : 388 ft
Pitching: LHP Johnny Mendoza
Batting: RHB Steve Cooper 0-0: Called Strike
0-1: Ball
1-1: Fly out, F8 (Line Drive, 8RM)
Batting: RHB Pete Clark 0-0: Called Strike
0-1: Ball
1-1: Foul Ball, location: 2F
1-2: Strikes out looking
Top of the 6th over - 6 runs, 4 hits, 0 errors, 0 left on base; Newport News HS 8 - Indianapolis HS 7
BOTTOM OF THE 6TH
Indianapolis HS Chaos batting - Pitching for Newport News HS Paints : RHP Juan Gabriel
Batting: RHB Héctor Núñez 0-0: Ball
1-0: Ground out 4-3 (Groundball, 4M)
Batting: SHB Jimmy Bullock 0-0: Called Strike
0-1: SINGLE (Line Drive, 7S)
Batting: RHB Jonathan Thompson 0-0: Ball
1-0: Ball
2-0: Ball
3-0: Base on Balls
Jimmy Bullock to second
Batting: RHB Bryan Reed 0-0: Ball
1-0: Fielders Choice at 2nd, 3-6 (Groundball, 34)
Jimmy Bullock to third
Batting: RHB Andy Norris 0-0: Foul Ball, location: 2F
0-1: Ball
1-1: Called Strike
1-2: Fly out, F8 (Flyball, 8LXD)
Bottom of the 6th over - 0 runs, 1 hit, 0 errors, 2 left on base; Newport News HS 8 - Indianapolis HS 7
TOP OF THE 7TH
Newport News HS Paints batting - Pitching for Indianapolis HS Chaos : LHP Johnny Mendoza
Batting: SHB Carlos Matos 0-0: Ball
1-0: Ball
2-0: Swinging Strike
2-1: Ball
3-1: Base on Balls
Pinch Hitting: RHB Todd McDaniel Pickoff Throw to First - Out!
0-0: Called Strike
0-1: Called Strike
0-2: Ball
1-2: Strikes out swinging
Batting: RHB Lee Boswell 0-0: Called Strike
0-1: Ball
1-1: Foul Ball, location: 2F
1-2: Strikes out swinging
Top of the 7th over - 0 runs, 0 hits, 0 errors, 0 left on base; Newport News HS 8 - Indianapolis HS 7
BOTTOM OF THE 7TH
Indianapolis HS Chaos batting - Pitching for Newport News HS Paints : RHP Juan Gabriel
Pitching: LHP Jerry Garrett
Now in RF: Chris Martin
Batting: LHB Chris Russell 0-0: Ball
1-0: Swinging Strike
1-1: Ball
2-1: Ball
3-1: Base on Balls
Pinch Hitting: RHB Eric Pierce 0-0: Bunt - Flyout! F3
Pitching: RHP Robby Robinson
Batting: RHB Brian Carriaga 0-0: Called Strike
0-1: Ball
1-1: Ball
2-1: Ball
3-1: Called Strike
3-2: Foul Ball, location: 2F
3-2: Foul Ball, location: 2F
3-2: Foul Ball, location: 2F
3-2: Fly out, F8 (Flyball, 8RM)
Batting: LHB José Alonzo 0-0: Ball
1-0: Foul Ball, location: 2F
1-1: Swinging Strike
1-2: DOUBLE (Line Drive, 8LXD)
Chris Russell to third
Runner from 3rd tries for Home, throw and OUT!
Bottom of the 7th over - 0 runs, 1 hit, 0 errors, 1 left on base; Newport News HS 8 - Indianapolis HS 7
TOP OF THE 8TH
Newport News HS Paints batting - Pitching for Indianapolis HS Chaos : LHP Johnny Mendoza
Now in CF: Warren Norton
Batting: RHB Jorge Paredes 0-0: Ball
1-0: Ball
2-0: Called Strike
2-1: Ball
3-1: Base on Balls
Batting: SHB Francisco Reyes 0-0: Foul Ball, location: 2F
0-1: Called Strike
0-2: Ball
1-2: Foul Ball, location: 2F
1-2: Ball
2-2: Fly out, F9 (Flyball, 89S)
Batting: RHB John Graham 0-0: Swinging Strike
0-1: Ball
1-1: Ball
2-1: Ball
3-1: Foul Ball, location: 2F
3-2: Foul Ball, location: 2F
3-2: Fly out, F7 (Flyball, 7LSF)
Batting: RHB James Calderón 0-0: Ball
1-0: Called Strike
1-1: Ball
2-1: Ground out 4-3 (Groundball, 4)
Top of the 8th over - 0 runs, 0 hits, 0 errors, 1 left on base; Newport News HS 8 - Indianapolis HS 7
BOTTOM OF THE 8TH
Indianapolis HS Chaos batting - Pitching for Newport News HS Paints : RHP Robby Robinson
Batting: RHB Héctor Núñez 0-0: Ball
1-0: Foul Ball, location: 2F
1-1: Called Strike
1-2: Strikes out looking
Batting: SHB Jimmy Bullock 0-0: Swinging Strike
0-1: Foul Ball, location: 2F
0-2: Ball
1-2: Ball
2-2: Ball
3-2: Foul Ball, location: 2F
3-2: Strikes out swinging
Batting: RHB Jonathan Thompson 0-0: Fly out, F7 (Flyball, 7LM)
Bottom of the 8th over - 0 runs, 0 hits, 0 errors, 0 left on base; Newport News HS 8 - Indianapolis HS 7
TOP OF THE 9TH
Newport News HS Paints batting - Pitching for Indianapolis HS Chaos : LHP Johnny Mendoza
Batting: RHB Steve Cooper 0-0: Called Strike
0-1: Ball
1-1: Ball
2-1: Called Strike
2-2: Ground out 5-3 (Groundball, 56)
Batting: RHB Pete Clark 0-0: Ball
1-0: Ball
2-0: Called Strike
2-1: DOUBLE (Flyball, 8RD)
Batting: SHB Carlos Matos 0-0: Intentional Walk
Batting: LHB Chris Martin 0-0: Ball
1-0: Ball
2-0: Foul Ball, location: 2F
2-1: Ball
3-1: Fly out, F8 (Flyball, 8LM)
Pinch Hitting: SHB Craig Young 0-0: Called Strike
0-1: Swinging Strike
0-2: Foul Ball, location: 2F
0-2: Ball
1-2: Ball
2-2: Strikes out swinging
Top of the 9th over - 0 runs, 1 hit, 0 errors, 2 left on base; Newport News HS 8 - Indianapolis HS 7
BOTTOM OF THE 9TH
Indianapolis HS Chaos batting - Pitching for Newport News HS Paints : RHP Robby Robinson
Now at C: Craig Young
Batting: RHB Bryan Reed 0-0: Ball
1-0: Called Strike
1-1: Ground out 6-3 (Groundball, 6)
Batting: RHB Andy Norris 0-0: Ball
1-0: Called Strike
1-1: Hit by Pitch
Batting: LHB Chris Russell 0-0: Ball
1-0: Ball
2-0: Ball
3-0: Base on Balls
Andy Norris to second
Batting: RHB Warren Norton 0-0: Ball
1-0: Ball
2-0: Ball
3-0: Called Strike
3-1: Base on Balls
Andy Norris to third
Chris Russell to second
Batting: RHB Brian Carriaga 0-0: Ball
1-0: Foul Ball, location: 2F
1-1: Foul Ball, location: 2F
1-2: Grounds into fielders choice 3-2 (Groundball, 23)
Chris Russell to third
Warren Norton to second
Batting: LHB José Alonzo 0-0: Foul Ball, location: 2F
0-1: GRAND SLAM HOME RUN (Flyball, 9LD), Distance : 347 ft
Saturday, December 16th, 2017 - OOTP Baseball 18.8 Build 76